 Dungeon Crawl Stone Soup version 0.26.1-2-gb8aa6d0 (webtiles) character file.

Game seed: 4944044917791101728

8290 Jonnyslop the Spear-Bearer (level 11, -4/73 HPs)
             Began as a Gargoyle Fighter on Feb 17, 2021.
             Was a Believer of the Shining One.
             Slain by a reaper
             ... wielding a +2 vorpal scythe
              (13 damage)
             ... on level 3 of the Abyss on Feb 22, 2021.
             The game lasted 00:22:12 (9864 turns).

Jonnyslop the Spear-Bearer (Gargoyle Fighter)       Turns: 9864, Time: 00:22:13

Health: -4/73      AC: 24    Str: 23    XL:     11   Next: 28%
Magic:  0/15       EV:  6    Int:  9    God:    the Shining One [**....]
Gold:   623        SH:  0    Dex:  9    Spells: 10/10 levels left

rFire    . . .     SeeInvis +   B - +0 halberd
rCold    . . .     Faith    .   (shield currently unavailable)
rNeg     + + .     Spirit   +   c - +0 plate armour
rPois    ∞         Reflect  .   t - +1 hat
rElec    +         Harm     .   (no cloak)
rCorr    .         Rampage  .   u - +0 pair of gloves
Will     .....                  I - +0 pair of boots
Stlth    ..........             h - amulet of guardian spirit
HPRegen  0.22/turn              p - ring of see invisible
MPRegen  0.14/turn              A - +4 ring of slaying

@: glowing, studying Spellcasting
A: negative energy resistance 1, electricity resistance, unbreathing,
petrification resistance, miasma immunity, AC +8
a: Renounce Religion, Divine Shield


You were on level 3 of the Abyss.
You worshipped the Shining One.
The Shining One was pleased with you.
You visited 2 branches of the dungeon, and saw 9 of its levels.
You visited the Abyss 1 time.

You collected 623 gold pieces.

Inventory:

Hand Weapons
 B - a +0 halberd (weapon)
Missiles
 s - 20 poisoned darts (quivered)
Armour
 c - a +0 plate armour (worn)
 t - a +1 hat (worn)
 u - a +0 pair of gloves (worn)
 I - a +0 pair of boots (worn)
Jewellery
 h - an amulet of guardian spirit (around neck)
 p - a ring of see invisible (left hand)
 A - a +4 ring of slaying (right hand)
 H - an uncursed amulet of regeneration {unknown}
Wands
 g - a wand of flame (10)
 i - a wand of polymorph (24)
 n - a wand of iceblast (12)
 E - a wand of paralysis (11)
 F - a wand of enslavement (10)
Scrolls
 a - 4 scrolls of amnesia {unknown}
 b - a scroll of identify
 d - 2 scrolls of immolation
 f - 4 scrolls of remove curse
 m - 2 scrolls of enchant armour
 o - a scroll of fog {unknown}
 v - 2 scrolls of magic mapping {unknown}
 w - a scroll of teleportation
 y - a scroll of random uselessness {unknown}
 D - a scroll of blinking
Potions
 e - 4 potions of mutation
 j - 3 potions of flight
 k - 6 potions of curing
 l - 2 potions of lignification
 q - 3 potions of haste {unknown}
 r - a potion of heal wounds {unknown}
 x - 4 potions of brilliance {unknown}
 z - a potion of attraction {unknown}
 C - 2 potions of might
Books
 G - a manual of Spellcasting


   Skills:
 + Level 10.4 Fighting
 * Level 11.6 Polearms
 + Level 6.5 Armour
 - Level 3.2 Shields
 + Level 5.4 Invocations


You had 10 spell levels left.
You didn't know any spells.
Your spell library contained the following spells:

 Spells                   Type           Power        Failure   Level
 Animate Skeleton         Necr           0%           99%         1
 Apportation              Tloc           0%           99%         1
 Corona                   Hex            0%           99%         1
 Summon Small Mammal      Summ           0%           99%         1


Dungeon Overview and Level Annotations

Branches:
Dungeon (8/15)             Temple (1/1) D:6            Lair (0/6) D:8

Altars:
Ashenzari
Cheibriados
Dithmenos
Elyvilon
Fedhas
Gozag
Hepliaklqana
Kikubaaqudgha
Makhleb
Nemelex Xobeh
Okawaru
Qazlal
Ru
Sif Muna
Trog
Uskayaw
Vehumet
Wu Jian
Xom
Yredelemnul
Zin
The Shining One

Annotations:
D:3 3 runed translucent doors, MercyWheel's ghost, amateur BaIE
D:8 jimeh's ghost, novice HuMo


Innate Abilities, Weirdness & Mutations

You are resistant to torment.
Your stone body is resilient. (AC +8)
You are immune to poison.
You resist negative energy. (rN+)
You are resistant to electric shocks. (rElec)
You can survive without breathing.
You are immune to petrification.
You are immune to miasma.


Message History

The reaper hits you from afar with a +2 vorpal scythe.
* * * LOW HITPOINT WARNING * * *
x2 Really walk into that cloud of seething chaos? [Y]es or [N]o only, please.
Really walk into that cloud of seething chaos? [Y]es or [N]o only, please.
Really walk into that cloud of seething chaos? [Y]es or [N]o only, please.
Really walk into that cloud of seething chaos?
Okay, then.
Unknown command.
The small abomination hits you!
* * * LOW HITPOINT WARNING * * *
You barely miss the small abomination.
The small abomination closely misses you.
You slash the small abomination!
The small abomination is moderately damaged.
The reaper is engulfed in seething chaos.
The reaper hits you from afar with a +2 vorpal scythe!
You die...

.... ...... ... . ..
.... .... . . #..
#..##..# ..#
..##..##..##..##..#
..... ............
......!..... ... #
.##..##2.##..# .#
..##..##x.##..##..##
.......@............
. .............>...
.. #..
#..##..##..##..##..##
#. # ..##..##..##..##
.# ................
..... . #.. .. ####.
####..#... .. .....
.. #.#. ..# #..####
## #.#.. . # . ...#
..#


You could see a reaper and a small abomination.

Vanquished Creatures
  3 thrashing horrors (Abyss:3)
  Pikel (D:5)
  A deep elf mage (D:8)
  A worldbinder (Abyss:3)
  A troll (D:8)
  Sigmund (D:2)
  2 spriggans (D:8)
  A chaos spawn (Abyss:3)
  Menkaure (D:6)
  Duvessa (D:5)
  3 orc warriors
  A black bear (D:8)
  3 ice beasts
  5 ogres
  A sky beast (D:4)
  4 centaurs
  4 wolves (D:8)
  A lemure (D:4)
  A big kobold (D:8)
  Blork the orc (D:6)
  6 bullfrogs
  2 small abominations (Abyss:3)
  Dowan (D:5)
  3 scorpions
  6 wights
  3 electric eels (D:8)
  A howler monkey (D:8)
  A quasit (D:8)
  7 hounds
  A centaur zombie (Abyss:3)
  A jelly (D:5)
  6 orc priests
  2 bullfrog skeletons
  4 orc wizards
  2 iguanas
  Natasha (D:2)
  7 worker ants
  A mummy (D:7)
  A worker ant zombie (D:5)
  4 gnolls
  17 adders
  5 white imps
  4 ufetubi
  An ooze (D:7)
  6 worms
  6 dart slugs
  5 leopard geckos
  21 orcs
  12 giant cockroaches
  A goblin (D:3)
  9 hobgoblins
  9 jackals
  18 kobolds
  8 quokkas
  A ball python (D:1)
  4 bats
  6 frilled lizards
  2 hobgoblin zombies (D:7)
  A jackal zombie (D:5)
  A leopard gecko zombie (D:8)
  2 orc zombies (D:7)
  A quokka skeleton (D:5)
  A rat (D:2)
238 creatures vanquished.

Vanquished Creatures (others)
  A jackal (D:8)
  A fungus (D:8)
  3 plants (D:8)
  2 starspawn tentacles (Abyss:3)
7 creatures vanquished.

Grand Total: 245 creatures vanquished

Notes
Turn   | Place    | Note
-------+----------+-------------------------------------------
     0 | D:1      | Jonnyslop the Gargoyle Fighter began the quest for the Orb.
     0 | D:1      | Reached XP level 1. HP: 14/14 MP: 1/1
    76 | D:1      | Reached skill level 2 in Polearms
   115 | D:1      | Reached XP level 2. HP: 15/19 MP: 2/2
   450 | D:1      | You fall into a shaft and drop 1 floor!
   462 | D:2      | Reached XP level 3. HP: 20/24 MP: 3/3
   694 | D:2      | Reached skill level 3 in Polearms
   756 | D:2      | Found a shimmering altar of Xom.
  1039 | D:1      | Reached XP level 4. HP: 26/29 MP: 4/4
  1184 | D:2      | Noticed Sigmund
  1192 | D:2      | Killed Sigmund
  1193 | D:2      | Reached skill level 4 in Polearms
  1193 | D:2      | Reached XP level 5. HP: 22/34 MP: 2/5
  1398 | D:2      | Reached XP level 6. HP: 40/40 MP: 6/6
  1713 | D:2      | Noticed Natasha
  1725 | D:2      | Killed Natasha
  1960 | D:2      | Reached skill level 5 in Fighting
  2425 | D:2      | Reached skill level 5 in Polearms
  2708 | D:3      | Found a stormy altar of Qazlal.
  3121 | D:3      | Found a shimmering blue altar of Sif Muna.
  3193 | D:3      | Found a radiant altar of Vehumet.
  3320 | D:3      | Found a runed translucent gate.
  3320 | D:3      | Found a runed translucent gate.
  3321 | D:3      | Found a runed translucent gate.
  3322 | D:3      | Noticed MercyWheel's ghost (amateur BaIE)
  3715 | D:3      | Reached XP level 7. HP: 40/44 MP: 7/7
  3891 | D:4      | Got a shimmering battleaxe
  3898 | D:4      | Identified the +0 battleaxe of Slime {speed, rF+ Dex+4}
                  | (You found it on level 4 of the Dungeon)
  3940 | D:4      | Reached skill level 6 in Polearms
  4323 | D:4      | Found a blossoming altar of Fedhas.
  4419 | D:4      | Got a polished quarterstaff
  4426 | D:4      | Identified the +3 quarterstaff of Ladeoli {holy, Dex+2}
                  | (You found it on level 4 of the Dungeon)
  4464 | D:4      | Found a shadowy altar of Dithmenos.
  4798 | D:4      | Found a broken altar of Ashenzari.
  4954 | D:5      | Entered Level 5 of the Dungeon
  4962 | D:5      | Noticed Duvessa
  4962 | D:5      | Noticed Dowan
  5069 | D:5      | Killed Duvessa
  5070 | D:5      | Reached skill level 7 in Polearms
  5070 | D:5      | Reached XP level 8. HP: 41/52 MP: 6/8
  5144 | D:5      | Killed Dowan
  5995 | D:5      | Found a basalt altar of Yredelemnul.
  6175 | D:6      | Reached skill level 8 in Polearms
  6350 | D:6      | Found a hide-covered altar of Uskayaw.
  6381 | D:6      | Noticed Pikel
  6922 | D:5      | Killed Pikel
  6923 | D:5      | Reached skill level 9 in Polearms
  6923 | D:5      | Reached XP level 9. HP: 59/59 MP: 7/9
  7048 | D:6      | Noticed Blork the orc
  7060 | D:6      | Killed Blork the orc
  7274 | D:6      | Noticed a +0 hand axe
  7274 | D:6      | Noticed a +0 dagger
  7276 | D:6      | Noticed Menkaure
  7284 | D:6      | Killed Menkaure
  7305 | D:6      | Found a staircase to the Ecumenical Temple.
  7327 | Temple   | Entered the Ecumenical Temple
  7386 | Temple   | Became a worshipper of the Shining One
  7756 | D:7      | Reached skill level 1 in Invocations
  7839 | D:7      | Reached skill level 10 in Polearms
  7929 | D:7      | Found a bloodstained altar of Trog.
  8027 | D:7      | Reached * piety under the Shining One
  8074 | D:7      | Found a sparkling altar of Nemelex Xobeh.
  8256 | D:7      | Found a glowing silver altar of Zin.
  8336 | D:8      | Reached XP level 10. HP: 49/66 MP: 6/11
  8337 | D:8      | Noticed a deep elf mage
  8342 | D:8      | Killed a deep elf mage
  8746 | D:8      | Found a runed translucent door.
  8746 | D:8      | Found an iron altar of Okawaru.
  8916 | D:8      | Reached skill level 5 in Armour
  8979 | D:8      | Found a staircase to the Lair.
  9347 | D:8      | Reached skill level 11 in Polearms
  9496 | D:8      | Noticed jimeh's ghost (novice HuMo)
  9496 | D:8      | Reached ** piety under the Shining One
  9496 | D:8      | Identified the +5 spear of War {freeze, rF+ Str+4}
  9650 | D:8      | Cast into level 3 of the Abyss (jimeh's ghost)
  9685 | Abyss:3  | Noticed a thrashing horror
  9687 | Abyss:3  | Noticed a thrashing horror
  9687 | Abyss:3  | Noticed a tentacled starspawn
  9694 | Abyss:3  | Killed a thrashing horror
  9695 | Abyss:3  | Reached skill level 10 in Fighting
  9695 | Abyss:3  | Reached XP level 11. HP: 66/72 MP: 14/14
  9702 | Abyss:3  | Killed a thrashing horror
  9703 | Abyss:3  | Reached skill level 5 in Invocations
  9709 | Abyss:3  | Noticed a thrashing horror
  9711 | Abyss:3  | Noticed a thrashing horror
  9800 | Abyss:3  | Noticed a thrashing horror
  9806 | Abyss:3  | Noticed a worldbinder
  9813 | Abyss:3  | Killed a worldbinder
  9851 | Abyss:3  | Noticed a reaper
  9859 | Abyss:3  | Killed a thrashing horror
  9864 | Abyss:3  | Slain by a reaper

Illustrated notes

Levels and vault maps discovered:
D:1:      lightli_arrival_lavapool, layout_loops_ring
D:2:      minmay_chambers_of_ones, layout_loops_corners, xom_teletrap_fun,
          hangedman_decor_riveting, uniq_sigmund, uniq_natasha
D:3:      cheibrodos_helix_gallery, layout_basic,
          nicolae_overflow_crystal_walls, lemuel_doored_altar,
          overflow_temple_1_default, ebering_ghost_rock_garden
D:4:      layout_basic, kennysheep_little_box, kennysheep_mini_moat,
          fedhas_altar_3, st_stairs_10
D:5:      layout_cave_pools, marbit_many_paths, minmay_chambers_of_fives,
          uniq_duvessa
D:6:      layout_layer_cave, dancing_weapons_uskayaw, uniq_pikel,
          uniq_blork_the_orc, uniq_menkaure
D:7:      layout_cave_pools, general_overflow_altar,
          nicolae_overflow_hidden_temple, bloody_trog, chequers_avenue,
          minmay_mini_ossuary
D:8:      layout_basic, lemuel_crystal_altar, erik_lair_island,
          ebering_ghost_funeral_grove, minmay_manual_mess
Temple:   jpeg_temple_island
Abyss:3:  base: Temple, hangedman_abyss_rune_macabre_mess, minivault_26,
          minivault_23

Skill      XL: |  1  2  3  4  5  6  7  8  9 10 11 |
---------------+----------------------------------+-----
Polearms       | 2 3 4 5 7 9 10 11 | 11.6
Fighting       | 4 5 6 8 9 10 | 10.4
Invocations    | 2 4 5 |  5.4
Armour         | 4 5 6 |  6.5
Shields        | |  3.2

Action                   |  1- 3 |  4- 6 |  7- 9 | 10-12 || total
-------------------------+-------+-------+-------+-------++-------
Melee: Trident           |   109 |   211 |   292 |       ||   612
       Halberd           |       |       |   195 |   169 ||   364
  Use: Potion            |       |     1 |     1 |     1 ||     3
       Scroll            |       |     6 |     6 |     1 ||    13
 Stab: Invisible         |       |       |     1 |       ||     1
Armor: Scale mail        |    48 |    71 |   272 |       ||   391
       Plate armour      |       |       |    88 |   135 ||   223
Dodge: Dodged            |    29 |    48 |   193 |    50 ||   320
Block: Kite shield       |    51 |    83 |   218 |       ||   352
